 Dungeon Crawl Stone Soup version 0.25.1-2-g60ff931df9 (webtiles) character file.

Game seed: 1483333287786243722

363 goulibeur the Skirmisher (level 6, 0/58 HPs)
             Began as a Draconian Berserker on Oct 24, 2020.
             Was a Priest of Trog.
             Slain by a gnoll
             ... wielding a +0 spear
              (4 damage)
             ... on level 4 of the Dungeon.
             The game lasted 00:36:03 (4121 turns).

goulibeur the Skirmisher (Draconian Berserker)      Turns: 4121, Time: 00:36:03

Health: 0/58       AC:  6    Str: 20    XL:     6   Next: 39%
Magic:  6/6        EV: 14    Int:  7    God:    Trog [***...]
Gold:   87         SH:  0    Dex: 12    Spells: 5/5 levels left

rFire    . . .     SeeInvis .   a - +0 short sword
rCold    . . .     Gourm    .   (no shield)
rNeg     . . .     Faith    .   (armour unavailable)
rPois    .         Spirit   .   (helmet restricted)
rElec    .         Reflect  .   (no cloak)
rCorr    .         Harm     .   (no gloves)
MR       .....                  (no boots)
Stlth    +.........             (no amulet)
HPRegen  0.19/turn              (no ring)
MPRegen  0.10/turn              (no ring)

@: berserk cooldown, slowed, very slow
A: unfitting armour, cold-blooded, AC +6
a: Berserk, Trog's Hand, Renounce Religion


You were on level 4 of the Dungeon.
You worshipped Trog.
Trog was most pleased with you.
You were hungry.

You visited 1 branch of the dungeon, and saw 4 of its levels.

You collected 87 gold pieces.

Inventory:

Hand Weapons
 a - a +0 short sword (weapon)
Missiles
 j - 13 bolts
 n - 5 poisoned darts (quivered)
 v - 2 boomerangs
 w - 5 silver boomerangs
Jewellery
 f - an uncursed ring of see invisible {unknown}
 k - an uncursed ring of flight {unknown}
 s - an uncursed ring of protection from fire
 u - an uncursed ring of positive energy {unknown}
Scrolls
 c - 2 scrolls of remove curse {unknown}
 d - a scroll of fear {unknown}
 e - a scroll of noise {unknown}
 i - 2 scrolls of immolation {unknown}
 m - 4 scrolls of identify {unknown}
 o - 2 scrolls of amnesia {unknown}
 p - 2 scrolls of enchant weapon {unknown}
 q - 2 scrolls of teleportation {unknown}
Potions
 h - a potion of flight {unknown}
 l - a potion of haste {unknown}
 r - 3 potions of curing
Comestibles
 b - 10 rations
 x - 2 chunks of flesh


   Skills:
 * Level 6.8 Fighting
 - Level 3.0 Short Blades
 + Level 4.3 Dodging


You had 5 spell levels left.
You didn't know any spells.
Your spell library was empty.

Dungeon Overview and Level Annotations

Branches:
Dungeon (4/15)
 Temple: D:4-7

Altars:
Gozag
Ru
Wu Jian
Xom


Innate Abilities, Weirdness & Mutations

Your plain brown scales are hard. (AC +6)
You cannot fit into any form of body armour.
You are cold-blooded and may be slowed by cold attacks.


Message History

The orc wizard hits you but does no damage.
The orc closely misses you. The gnoll barely misses you.
The orc wizard casts a spell.
The orc wizard flickers and vanishes!
Deactivating autopickup; reactivate with Ctrl-A.
The gnoll barely misses you.
The gnoll hits you from afar with a +0 halberd.
* * * LOW HITPOINT WARNING * * *
The orc hits you with a +0 club.
* * * LOW HITPOINT WARNING * * *
Something hits you but does no damage. The gnoll barely misses you.
The orc misses you. The orc hits you with a +0 hand axe.
* * * LOW HITPOINT WARNING * * *
Something hits you.
* * * LOW HITPOINT WARNING * * *
The gnoll hits you from afar with a +0 spear.
You die...

.##.##....#.......####.###...###
# #. ###.##............##...##
.....##................#...##
.... #..##...#.........##.##
....##......###>..........#
..............#........#..#
#.............#..#...######
#...g#..[.....##.##.##
.og..#.........#@...#
..##........#.o#...## ###
...#####...g#..og...####.#
........).....go.........##
..........................#
..............##..#.......#
.........##....#####....###
......#######..## ##..### ...#..
#....###..##


You could see 2 gnolls and 2 orcs.

Vanquished Creatures
  A hound (D:4)
  2 centaur skeletons (D:4)
  2 orc priests
  Crazy Yiuf (D:2)
  2 worker ants (D:4)
  2 adders
  2 gnolls
  An ooze (D:3)
  2 worms
  3 leopard geckos
  17 orcs
  8 bats
  3 giant cockroaches
  13 goblins
  6 hobgoblins
  2 jackals (D:2)
  2 ball pythons
  7 frilled lizards
  4 kobolds
  8 rats
88 creatures vanquished.

Notes
Turn   | Place    | Note
-------+----------+-------------------------------------------
     0 | D:1      | goulibeur the Draconian Berserker began the quest for the
                  | Orb.
     0 | D:1      | Reached XP level 1. HP: 19/19 MP: 1/1
   126 | D:1      | Reached XP level 2. HP: 21/27 MP: 2/2
   379 | D:1      | Reached skill level 4 in Fighting
   919 | D:2      | Reached ** piety under Trog
   919 | D:2      | Reached XP level 3. HP: 33/33 MP: 3/3
  1273 | D:2      | Found an ornate altar of the Wu Jian Council.
  1273 | D:2      | Found an opulent altar of Gozag.
  1273 | D:2      | Found a shimmering altar of Xom.
  1663 | D:2      | Found a sacrificial altar of Ru.
  1668 | D:2      | Found a runed translucent door.
  1669 | D:2      | Noticed Crazy Yiuf
  1675 | D:2      | Paralysed by Crazy Yiuf for 3 turns
  1681 | D:2      | Killed Crazy Yiuf
  1681 | D:2      | Reached skill level 5 in Fighting
  1681 | D:2      | Reached XP level 4. HP: 17/42 MP: 4/4
  2571 | D:3      | Reached *** piety under Trog
  2800 | D:3      | Reached XP level 5. HP: 44/50 MP: 5/5
  3652 | D:4      | Reached skill level 6 in Fighting
  3788 | D:4      | Reached XP level 6. HP: 26/58 MP: 6/6
  4121 | D:4      | Slain by a gnoll

Illustrated notes

Levels and vault maps discovered:
D:1:      giann_forest_graveyard, layout_loops_ring
D:2:      layout_basic, gammafunk_temple_overflow_forgotten,
          lemuel_doored_altar, first_ration, uniq_crazy_yiuf_cottage
D:3:      layout_basic
D:4:      layout_cave_pools, old_standard_altar, serial_shops, shop

Skill      XL: |  1  2  3  4  5 |
---------------+----------------+-----
Dodging        | 3 4 |  4.3
Fighting       | 4 5 6 |  6.8
Short Blades   | |  3.0

Action                   |  1- 3 |  4- 6 || total
-------------------------+-------+-------++-------
Melee: Short sword       |   146 |   182 ||   328
       Tailslap          |    18 |    31 ||    49
       Unarmed           |     2 |       ||     2
Invok: Berserk           |     1 |     6 ||     7
  Use: Potion            |       |     1 ||     1
 Stab: Sleeping          |     3 |       ||     3
  Eat: Chunk             |     3 |    10 ||    13
       Ration            |       |     1 ||     1
Armor: Skin              |    29 |    31 ||    60
Dodge: Dodged            |    88 |   137 ||   225
